woodfighter, chaotic female human Priestess ---- -------------------..| ----.........q@......^^^-- |......--...----------.^.| |.`.--.....-- |..^| |``.--.....| ---^| |..........-- ---------+| |......`...>| |.........| --`---------- |.........| |..| |....<....| --..------- |.........| |.`.`.`...| |.........| |.........| ----------- ----------- woodfighter the Adept Experience level: 7 Strength: 18 Dexterity: 11 Constitution: 15 Intelligence: 19 Wisdom: 9 Charisma: 10 Health: 0(60) Energy: 62(62) Def: 13 Gold: 0 Moves: 5490 Dungeon seed: 1r1LGx2rjGpvot6G Game ID: woodfighter_1578682861 Your Inventory: Weapons a - a blessed +1 mace (weapon in hand) I - 10 +0 darts K - a +0 spear Armor e - a +0 robe (being worn) O - a blessed +2 orcish helm (being worn) U - a +0 elven shield (being worn) V - a +0 elven mithril-coat (being worn) W - a +0 pair of elven boots (being worn) Comestibles k - 2 sprigs of wolfsbane m - an orange t - 5 food rations u - a carrot Z - a tin of spinach Rings o - a ring of polymorph control r - a blessed +1 ring of protection v - a ring of free action w - a ring of polymorph B - a cursed -2 ring of increase damage S - a ring of shock resistance T - a cursed ring of levitation Wands d - a wand of fire (0:6) f - a wand of digging (0:7) p - a wand of polymorph (0:7) A - a wand of magic missile (0:3) F - a wand of make invisible (0:4) Tools q - a +0 unicorn horn y - a skeleton key Spells and supernatural/magical abilities: Name Level Category Fail Memory n - detect monsters 1 divination 100% 73% O - create monster 2 clerical 100% 73% W - pray for help -- divine ? -- X - turn undead -- divine ? -- Your skills at the end: Miscellaneous Skills shield [Basic] wands [Basic] Weapon Skills mace [Expert] Spellcasting Skills clerical spells [Basic] Final Attributes: You were piously aligned. You were poison resistant. Your writing hand was ok. You were very stealthy. You were lucky. You are dead. Vanquished creatures: a flaming sphere a crocodile a chameleon an ettin zombie 32 leprechauns a giant spider a Green-elf 2 housecats a gray unicorn a snake a human zombie an orc shaman 2 rock piercers 2 ponies a shrieker a violet fungus a gnome lord a gray ooze 3 elf zombies a ghoul a paper golem 6 giant ants a kitten a kobold lord a kobold shaman an iguana 11 hill orcs 2 rothes 2 jitterbugs 2 orc zombies 2 dwarf zombies a wererat 3 coyotes a gas spore a hobbit a large kobold 3 geckos 2 hobgoblins 3 giant rats a cave spider a yellow mold a green mold a red mold a gnome 10 jackals a fox 10 newts 2 goblins a sewer rat 4 grid bugs 4 bats 138 creatures vanquished. Voluntary challenges: You did not cause conflict. You were not invisible. You did not have reflection. You were not displaced. You had been an atheist until turn 3649. You used a wielded weapon 193 times, starting on turn 3. You did not apply a unicorn horn. You did not use plumbed fixtures. You did not drink any magical draughts. You were illiterate. You never genocided any monsters. You never polymorphed an object. You never changed form. You used no wishes. You never split a pudding. You never wrote Elbereth's name. You never violated your personal moral code. Dungeon overview: The Dungeons of Doom: levels 1 to 11 Level 1 a long staircase Level 2 (box) a general store, a fountain stairs to The Gnomish Mines Level 3 (box) a general store Level 4 Level 5 (vault) a fountain Level 6 (leprechauns + money in stash) Level 7 Level 8 a fountain Level 9 (bones?) many fountains Level 10 stairs to Sokoban Level 11 The Gnomish Mines: Level 3 stairs to The Dungeons of Doom Sokoban: levels 8 to 9 Level 8 <- You were here Level 9 a magic chest stairs to The Dungeons of Doom History has recorded: On T:1 you entered the Dungeons of Doom to retrieve the Amulet of Yendor! On T:54 you reached level 2 of The Dungeons of Doom. On T:493 you reached level 3 of The Dungeons of Doom. On T:524 you advanced to experience level 2. On T:572 you reached level 1 of The Gnomish Mines. On T:1035 you advanced to experience level 3. On T:1248 you reached level 4 of The Dungeons of Doom. On T:1632 you reached level 5 of The Dungeons of Doom. On T:1841 you advanced to experience level 4. On T:1936 you reached level 6 of The Dungeons of Doom. On T:2286 you advanced to experience level 5. On T:2369 you reached level 7 of The Dungeons of Doom. On T:3155 you advanced to experience level 6. On T:3356 you reached level 8 of The Dungeons of Doom. On T:3586 you reached level 9 of The Dungeons of Doom. On T:3649 you prayed to Kos. On T:4072 you reached level 10 of The Dungeons of Doom. On T:4074 you advanced to experience level 7. On T:4462 you reached level 11 of The Dungeons of Doom. On T:4816 you reached level 4 of Sokoban. On T:5015 you opened a magic chest. On T:5245 you reached level 3 of Sokoban. Score breakdown: Gold: 0 ( 0 points) Experience: 7 levels ( 600 points) Exploration: 11 levels ( 300 points) Discoveries: 18 items ( 900 points) Variety of kills: 51 monsters ( 2000 points) Major goal: (nothing yet) ( 0 points) Survival: died (score multiplied by 3) Total score: 11400 Latest messages: With great effort you move the boulder. p - a zinc wand. With great effort you move the boulder. The boulder falls into and plugs a hole in the floor! r - a blessed copper ring. With great effort you move the boulder. The boulder falls into and plugs a hole in the floor! With great effort you move the boulder. The boulder falls into and plugs a hole in the floor! With great effort you move the boulder. The boulder falls into and plugs a hole in the floor! With great effort you move the boulder. The boulder falls into and plugs a hole in the floor! With great effort you move the boulder. The boulder falls into and plugs a hole in the floor! With great effort you move the boulder. The boulder falls into and plugs a hole in the floor! With great effort you move the boulder. The boulder falls into and plugs a hole in the floor! With great effort you move the boulder. The boulder falls into and plugs a hole in the floor! You hit the mumak! The mumak butts! The mumak bites! You hit the mumak! The mumak butts! You die... Final status: Goodbye woodfighter the Priestess, killed by a mumak... You died in Sokoban on dungeon level 8 with 11400 points, and 0 pieces of gold, after 5490 moves. You were level 7 with a maximum of 60 hit points when you died.